Map: Blood Boil LE

Players

Salvite

  • Race: Protoss Protoss
  • League: Silver
  • Spawn Location: 11:00

Kukuzapa - Winner!

  • Race: Terran Terran
  • League: Silver
  • Spawn Location: 5:00

VOD

Have the link to the VOD?

Description

Time

  • Played on: June 4, 2017, 2:46 a.m.
  • Length: 10:33
Show
View Real Time Build Order
Export as new Build Order

Salvite Protoss 

Build Orders:  

Get SALT Encoding   

  12  0:00  Unknown  
  12  0:02  Probe (Chrono Boost)  
  13  0:12  Probe (Chrono Boost)  
  14  0:25  Pylon  
  14  0:28  Probe (Chrono Boost)  
  15  0:40  Assimilator  
  15  0:43  Probe (Chrono Boost)  
  16  0:53  Gateway  
  16  0:54  Probe (Chrono Boost)  
  17  1:02  Pylon  
  17  1:05  Probe (Chrono Boost)  
  18  1:15  Probe (Chrono Boost)  
  19  1:26  Probe (Chrono Boost)  
  19  1:28  Assimilator  
  20  1:41  Probe (Chrono Boost)  
  21  1:54  Cybernetics Core  
  21  1:58  Probe (Chrono Boost)  
  22  2:15  Nexus  
  22  2:19  Assimilator  
  22  2:24  Assimilator  
  22  2:32  Warp Gate  
  22  2:34  Zealot  
  22  2:36  Probe (Chrono Boost)  
  26  2:54  Mothership Core (Chrono Boost)  
  27  3:12  Probe (Chrono Boost)  
  28  3:14  Pylon  
  28  3:17  Pylon  
  28  3:47  Probe x2 (Chrono Boost)  
  30  3:51  Zealot  
  32  4:07  Robotics Facility  
  32  4:16  Twilight Council  
  32  4:18  Zealot  
  32  4:22  Gateway  
  32  4:27  Gateway  
  32  4:28  Gateway  
  32  4:30  Gateway  
  32  4:32  Gateway  
  32  4:37  Probe x2 (Chrono Boost)  
  15  5:40  Probe (Chrono Boost)  
  15  5:41  Probe (Chrono Boost)  
  17  5:49  Warp Prism  
  19  5:51  Probe (Chrono Boost)  
  19  5:53  Probe (Chrono Boost)  
  21  6:01  Probe (Chrono Boost)  
  21  6:04  Probe (Chrono Boost)  
  23  6:18  Probe (Chrono Boost)  
  24  6:29  Probe (Chrono Boost)  
  24  6:32  Probe (Chrono Boost)  
  26  6:39  Probe (Chrono Boost)  
  27  6:43  Probe (Chrono Boost)  
  28  6:52  Probe (Chrono Boost)  
  28  6:53  Probe (Chrono Boost)  
  30  7:18  Probe x2 (Chrono Boost)  
  32  7:28  Probe x2 (Chrono Boost)  
  34  7:39  Probe x2 (Chrono Boost)  
  36  7:54  Zealot x3  
  36  7:55  Zealot x3  
  48  8:17  Stalker x2  
  48  8:18  Stalker x2  
  48  8:19  Stalker  
  58  8:21  Probe x2 (Chrono Boost)  
  52  8:31  Probe x2 (Chrono Boost)  
  50  8:42  Probe x2 (Chrono Boost)  
  50  8:44  Zealot x2  
  50  8:45  Zealot x3  
  62  9:06  Pylon  
  62  9:08  Pylon  
  62  9:14  Pylon  
  62  9:16  Pylon  
  62  9:18  Pylon  
  52  9:40  Adept x2  
  52  9:41  Adept x4  
  64  10:03  Adept x6  
Show
View Real Time Build Order
Export as new Build Order

Kukuzapa Terran - Winner!

Build Orders:  

Get SALT Encoding   

  12  0:00  Unknown  
  12  0:09  Supply Depot  
  12  0:13  SCV  
  13  0:26  SCV  
  14  0:34  Barracks  
  14  0:38  SCV  
  15  0:45  Refinery  
  15  0:50  SCV  
  16  1:00  Refinery  
  16  1:02  SCV  
  17  1:14  SCV  
  18  1:29  Barracks Reactor  
  18  1:34  SCV  
  19  1:46  SCV  
  20  1:58  SCV  
  21  2:05  Reaper  
  21  2:06  Reaper  
  23  2:12  Factory  
  23  2:17  Supply Depot  
  23  2:39  Reaper x2, SCV  
  23  2:40  Supply Depot  
  26  2:51  SCV  
  27  2:58  Command Center  
  27  3:03  SCV  
  28  3:08  Factory Tech Lab  
  28  3:11  Reaper x2  
  30  3:24  SCV  
  30  3:25  Starport  
  31  3:36  Widow Mine  
  33  3:43  Reaper x2  
  33  3:45  Engineering Bay  
  35  4:15  Missile Turret  
  35  4:17  SCV  
  36  4:35  Missile Turret  
  36  4:42  SCV  
  36  4:43  Terran Infantry Weapons Level 1  
  36  4:45  Marine x2  
  39  4:54  SCV  
  32  5:39  Marine x2  
  34  5:43  Siege Tank  
  37  5:50  SCV x2  
  39  5:57  Marine x2  
  39  6:02  SCV x2  
  43  6:11  Supply Depot  
  43  6:12  Supply Depot  
  43  6:14  SCV x2  
  43  6:15  Marine x2  
  47  6:26  SCV x2  
  47  6:27  Siege Tank  
  47  6:30  Starport Tech Lab  
  52  6:32  Marine  
  52  6:33  Marine  
  52  6:36  Supply Depot  
  52  6:38  Supply Depot, Terran Infantry Armor Level 1  
  54  6:40  Orbital Command  
  54  6:46  Orbital Command  
  54  6:52  Refinery  
  54  7:01  Supply Depot  
  54  7:02  Supply Depot  
  54  7:16  Starport  
  54  7:17  Fusion Core  
  54  7:21  SCV  
  55  7:25  Supply Depot  
  55  7:28  Supply Depot  
  55  7:33  SCV  
  55  7:36  Siege Tank  
  59  7:44  Command Center  
  59  7:45  SCV  
  59  7:49  Supply Depot  
  61  7:51  SCV  
  61  7:57  SCV  
  62  7:59  Missile Turret  
  62  8:03  SCV  
  62  8:05  Marine x2  
  64  8:11  Battlecruiser  
  71  8:15  SCV, Starport Tech Lab  
  72  8:20  Missile Turret  
  72  8:23  Marine x2  
  74  8:27  SCV  
  72  8:41  Marine x2, Siege Tank  
  76  8:48  SCV  
  78  8:58  Marine  
  78  8:59  Marine  
  78  9:00  SCV  
  78  9:02  SCV  
  82  9:07  Battlecruiser  
  82  9:09  Sensor Tower  
  88  9:12  SCV  
  88  9:14  SCV  
  88  9:16  Battlecruiser  
  96  9:18  Supply Depot  
  96  9:26  SCV  
  96  9:28  Armory  
  97  9:38  SCV  
  97  9:43  Supply Depot  
  98  9:50  SCV  
  99  10:02  SCV  
  99  10:05  Supply Depot  
  100  10:10  Armory  
  102  10:15  SCV  
  103  10:28  Supply Depot  
Tags
 
Add a new tag
Caveats
  • Supply blocks, unpowered buildings, or Contaminate may cause inaccurate times.
  • Supply counts are checked every 10 seconds.